 Dungeon Crawl Stone Soup version 0.19.0-11-g3fc08b3 (webtiles) character file.

300 MovingMist the Skirmisher (level 6, -2/84 HPs)
             Began as a Minotaur Fighter on Nov 9, 2016.
             Was an Initiate of Ashenzari.
             Slain by a gnoll (3 damage)
             ... on level 3 of the Dungeon.
             The game lasted 00:07:46 (1768 turns).

MovingMist the Skirmisher (Minotaur Fighter)        Turns: 1768, Time: 00:07:47

Health: -2/84      AC: 23    Str: 21    XL:     6   Next: 13%
Magic:  5/5        EV:  2    Int:  5    God:    Ashenzari [......]
Gold:   76         SH: 10    Dex: 11    Spells: 0 memorised, 5 levels left

rFire  . . .     SeeInvis .     a - +0 long sword
rCold  . . .     Gourm    .     (armour currently unavailable)
rNeg   + + +     Faith    .     c - +0 shield (curse)
rPois  +         Spirit   .     (helmet currently unavailable)
rElec  .         Reflect  .     (cloak currently unavailable)
rCorr  .         Harm     .     (gloves currently unavailable)
MR     .....     NoTele   +     (boots currently unavailable)
Stlth  +.........               (no amulet)
                                (no ring)
                                (no ring)

@: tree-form
A: (retaliatory headbutt), (horns 0)
a: Curse Item, Renounce Religion


You were on level 3 of the Dungeon.
You worshipped Ashenzari.
Ashenzari was noncommittal.
You were not hungry.
You were a tree.
You visited 1 branch of the dungeon, and saw 3 of its levels.

You collected 76 gold pieces.

Inventory:

Hand Weapons
 a - a +0 long sword (weapon)
Armour
 c - a cursed +0 shield (worn)
 l - a cursed +0 pair of boots (melded)
 m - a +0 cloak (melded)
 x - a cursed +0 chain mail (melded)
Scrolls
 g - a scroll of fog {unknown}
 k - 2 scrolls of identify {unknown}
 o - 2 scrolls of teleportation {unknown}
 p - a scroll of recharging {unknown}
 u - a scroll of enchant armour {unknown}
Potions
 d - a potion of might
 e - a potion of lignification
 i - 2 potions of ambrosia {unknown}
 j - a potion of haste {unknown}
 r - a potion of cure mutation {unknown}
 s - 2 potions of curing {unknown}
 t - a potion of berserk rage {unknown}
 v - a potion of brilliance {unknown}
 w - a potion of heal wounds {unknown}
Comestibles
 f - 10 bread rations
 h - 3 meat rations
 n - 2 chunks of flesh
 q - 2 beef jerkies


   Skills:
 - Level 5.0 Fighting
 * Level 5.0 Long Blades
 + Level 5.0 Armour
 + Level 5.0 Shields


You had 5 spell levels left.
You didn't know any spells.

Dungeon Overview and Level Annotations

Branches:
Dungeon (3/15)

Altars:
Ashenzari
Makhleb
Uskayaw


Innate Abilities, Weirdness & Mutations

((You reflexively headbutt those who attack you in melee.))
((You have a pair of horns on your head.))


Message History

You hit the gnoll. You headbutt the gnoll.
The gnoll is heavily wounded.
The gnoll hits you but does no damage. You block the gnoll's attack.
The gnoll hits you but does no damage. You block the gnoll's attack.
It was a potion of magic.
Magic courses through your body. You block the gnoll's attack.
The gnoll hits you.
* * * LOW HITPOINT WARNING * * *
A gnoll comes into view.
It was a potion of lignification.
You turn into a tree.
Your +0 cloak melds into your body.
Your cursed +0 pair of boots melds into your body.
Your cursed +0 chain mail melds into your body.
Your roots penetrate the ground.
You block the gnoll's attack. The gnoll hits you but does no damage.
A gnoll comes into view.
The gnoll shouts!
You hit the gnoll.
The gnoll is heavily wounded.
The gnoll hits you but does no damage. x2; The gnoll hits you.
You die...

####..######
####.##..######...
...P........
..................
..≈≈≈≈≈≈≈≈≈≈
≈≈≈≈≈≈....≈≈≈≈≈≈≈≈
..≈≈≈≈≈≈≈≈≈≈
≈≈≈≈≈≈≈≈....≈≈≈≈≈≈≈≈
..≈≈#####≈≈≈
≈≈≈≈≈≈≈≈....≈≈≈≈≈≈≈≈ ..≈≈#
g.# .. [...................
..≈≈#
..#############''''########
.P≈≈#
#+#..#..#######g...#######
..≈≈≈.#
#.g#..'.♣ggggggg.'.....'
..≈≈≈.#
#.g#..#######gg..#######
..≈≈≈.# ##'#### ##''##
..≈≈≈.# .g.g. ..≈≈≈.#
..g.g.. ..≈≈≈.#


ggg.... g...... ++##### You could see 12 gnolls.

Vanquished Creatures
  A gnoll sergeant (D:3)
  A gnoll shaman (D:3)
  2 orc priests (D:3)
  3 gnolls (D:3)
  4 adders
  2 oozes (D:3)
  An adder skeleton (D:3)
  2 worms (D:2)
  2 dart slugs
  A leopard gecko (D:3)
  2 orcs (D:3)
  5 bats
  4 giant cockroaches
  4 goblins
  9 hobgoblins
  3 jackals (D:3)
  6 kobolds
  4 ball pythons
  4 frilled lizards
  5 rats
65 creatures vanquished.

Notes
Turn   | Place    | Note
-------+----------+-------------------------------------------
     0 | D:1      | MovingMist the Minotaur Fighter began the quest for the Orb.
     0 | D:1      | Reached XP level 1. HP: 19/19 MP: 0/0
   232 | D:1      | Reached XP level 2. HP: 27/27 MP: 1/1
   715 | D:2      | Reached XP level 3. HP: 33/33 MP: 2/2
   975 | D:2      | Reached XP level 4. HP: 37/41 MP: 3/3
  1265 | D:3      | Reached skill level 5 in Fighting
  1302 | D:3      | Found a burning altar of Makhleb.
  1302 | D:3      | Found a hide-covered altar of Uskayaw.
  1425 | D:3      | Found a shattered altar of Ashenzari.
  1517 | D:3      | Reached XP level 5. HP: 48/48 MP: 4/4
  1589 | D:3      | Became a worshipper of Ashenzari the Shackled
  1758 | D:3      | Reached skill level 5 in Long Blades
  1758 | D:3      | Reached skill level 5 in Armour
  1758 | D:3      | Reached XP level 6. HP: 18/56 MP: 5/5
  1762 | D:3      | HP: 2/56 [gnoll/vampiric whip (1)]
  1763 | D:3      | Reached skill level 5 in Shields
  1768 | D:3      | Slain by a gnoll

Skill      XL: |  1  2  3  4  5  6 |
---------------+-------------------+-----
Armour         | 4 5 |  5.0
Fighting       | 4 5 |  5.0
Shields        | 4 5 |  5.0
Long Blades    | 3 5 |  5.0

Action                   |  1- 3 |  4- 6 || total
-------------------------+-------+-------++-------
Melee: Long sword        |    84 |    98 ||   182
       Headbutt          |    22 |    13 ||    35
Invok: Curse Item        |       |     3 ||     3
  Use: Potion            |       |     2 ||     2
  Eat: Chunk             |       |     3 ||     3
Armor: Scale mail        |    33 |     7 ||    40
       Chain mail        |       |    44 ||    44
       Skin              |       |     3 ||     3
Dodge: Dodged            |    24 |    15 ||    39
Block: Shield            |    51 |    52 ||   103
       Rpst.: Long sword |     7 |     4 ||    11
